 Dungeon Crawl Stone Soup version 0.23.1-44-gbd83930989 (webtiles) character file.

Game seed: 9118828898818124511

28 PentaManta the Ruffian (level 3, -1/31 (33) HPs)
             Began as a Ghoul Berserker on Mar 31, 2019.
             Was a Believer of Trog.
             Slain by an adder (5 damage)
             ... on level 2 of the Dungeon.
             The game lasted 00:01:44 (1004 turns).

PentaManta the Ruffian (Ghoul Berserker)            Turns: 1004, Time: 00:01:45

HP:   -1/31 (33)    AC:  3    Str: 19    XL:     3   Next: 12%
MP:   2/2           EV: 12    Int:  3    God:    Trog [**....]
Gold: 40            SH:  0    Dex:  9    Spells: 2/2 levels left

rFire    . . .     SeeInvis .     - Unarmed
rCold    + . .     Gourm    .   (no shield)
rNeg     + + +     Faith    .   a - +0 animal skin
rPois    ∞         Spirit   .   (no helmet)
rElec    .         Reflect  .   (no cloak)
rCorr    .         Harm     .   (no gloves)
MR       .....                  e - +0 pair of boots
Stlth    +.........             (no amulet)
HPRegen  0.00/turn              (no ring)
MPRegen  0.08/turn              (no ring)

@: rotting
A: rotting body, claws 1, carnivore, cold resistance 1, negative energy
resistance 3, inhibited regeneration, torment resistance, unbreathing
a: Trog's Hand, Renounce Religion


You were on level 2 of the Dungeon.
You worshipped Trog.
Trog was pleased with you.
You were not hungry.

You visited 1 branch of the dungeon, and saw 2 of its levels.

You collected 40 gold pieces.

Inventory:

Armour
 a - a +0 animal skin (worn)
 e - a +0 pair of boots (worn)
Scrolls
 f - 2 scrolls of immolation {unknown}
 g - 2 scrolls of identify {unknown}
 h - a scroll of blinking {unknown}
 i - a scroll of magic mapping {unknown}
Potions
 c - a potion of curing {unknown}
 d - a potion of brilliance {unknown}
 j - a potion of might {unknown}
 k - a potion of mutation {unknown}
Comestibles
 b - 4 rations


   Skills:
 * Level 3.7 Fighting
 - Level 2.0 Armour
 + Level 2.1 Dodging
 * Level 3.8 Unarmed Combat


You had 2 spell levels left.
You didn't know any spells.
Your spell library was empty.

Dungeon Overview and Level Annotations

Branches:
Dungeon (2/15)

Altars:


Innate Abilities, Weirdness & Mutations

Your body is rotting away.
You thrive on raw meat.
You are immune to poison.
You have sharp fingernails.
You are carnivorous and can eat meat at any time.
Your flesh is cold resistant. (rC+)
You are immune to negative energy. (rN+++)
You do not regenerate when monsters are visible.
You are immune to unholy pain and torment.
You can survive without breathing.


Message History

You barely miss the adder. The adder bites you but does no damage.
The goblin shoots a stone.
The stone barely misses you.
You scratch the adder.
The adder is lightly wounded.
The adder bites you.
The goblin shoots a stone.
The stone hits you. The adder closely misses you.
You are too injured to fight recklessly!
You scratch the adder.
The adder is moderately wounded.
The adder bites you.
The goblin shoots a stone.
The stone hits you but does no damage.
You scratch the adder but do no damage.
The adder is moderately wounded.
The adder bites you.
You barely miss the adder.
The adder is moderately wounded.
The goblin shoots a stone.
The stone hits you.
* * * LOW HITPOINT WARNING * * *
The adder bites you.
You die...

#.# #.#########
.. #.#...%....
#.# #.#......?.
#.. #.#........
#.## #.#........
##
#..####.#........
..#
#...........g....
#.#
#..##....S.......
#.#
#..##†.(.@#####.#
#.# #..##...†.#
#.# #..##((...#
###.###...#.$...#
#....<#...#.....#
#.#.###.#.#)....#
#.###.#.###.###
#...........#
######......#


You could see an adder and a goblin.

Vanquished Creatures
  2 dart slugs (D:1)
  4 giant cockroaches
  2 hobgoblins (D:1)
  A quokka (D:2)
  3 bats
  A frilled lizard (D:1)
  5 goblins (D:1)
  2 kobolds (D:1)
  2 rats (D:1)
22 creatures vanquished.

Notes
Turn   | Place    | Note
-------+----------+-------------------------------------------
     0 | D:1      | PentaManta the Ghoul Berserker began the quest for the Orb.
     0 | D:1      | Reached XP level 1. HP: 19/19 MP: 0/0
   224 | D:1      | Reached XP level 2. HP: 7/26 MP: 1/1
   963 | D:2      | Reached XP level 3. HP: 30/31 MP: 2/2
   998 | D:2      | Reached ** piety under Trog
  1004 | D:2      | Slain by an adder

Skill      XL: |  1  2 |
---------------+-------+-----
Armour         | 2 |  2.0
Dodging        | 2 |  2.1
Fighting       | |  3.7
Unarmed Combat | |  3.8

Action                   || total
-------------------------++-------
Melee: Unarmed           ||    83
       Punch             ||     1
  Eat: Chunk             ||     1
Armor: Animal skin       ||    19
Dodge: Dodged            ||    65
